 Dungeon Crawl Stone Soup version 0.25-a0-353-ged6d54792d (webtiles) character file.

Game seed: 3283989644489351183, levelgen mode: classic

579 Borgoz the Slasher (level 7, 0/43 HPs)
             Began as a Gargoyle Gladiator on Jan 2, 2020.
             Killed from afar by an orc wizard (5 damage)
             ... with a magic dart
             ... on level 5 of the Dungeon.
             The game lasted 00:06:02 (2816 turns).

Borgoz the Slasher (Gargoyle Gladiator)             Turns: 2816, Time: 00:06:03

Health: 0/43       AC: 12    Str: 19    XL:     7   Next: 36%
Magic:  7/7        EV: 12    Int:  9    God:
Gold:   222        SH:  0    Dex: 11    Spells: 6/6 levels left

rFire    . . .     SeeInvis .   a - +0 long sword
rCold    . . .     Gourm    .   (no shield)
rNeg     + . .     Faith    .   k - +0 ring mail
rPois    ∞         Spirit   .   c - +0 helmet
rElec    +         Reflect  .   (no cloak)
rCorr    .         Harm     .   (no gloves)
MR       .....     Rnd*Tele +   i - +0 pair of boots
Stlth    ..........             (no amulet)
HPRegen  0.14/turn              t - ring of attention (curse)
MPRegen  0.10/turn              r - ring of teleportation (curse)

@: no status effects
A: negative energy resistance 1, electricity resistance, unbreathing,
petrification resistance, rot immunity, AC +4
a: no special abilities


You were on level 5 of the Dungeon.
You were not hungry.

You visited 1 branch of the dungeon, and saw 5 of its levels.

You collected 222 gold pieces.

Inventory:

Hand Weapons
 a - a +0 long sword (weapon)
Missiles
 d - 3 throwing nets (quivered)
Armour
 c - a +0 helmet (worn)
 i - a +0 pair of boots (worn)
 k - a +0 ring mail (worn)
Jewellery
 n - an uncursed ring of positive energy
 q - an uncursed ring of flight
 r - a cursed ring of teleportation (right hand)
 t - a cursed ring of attention (left hand)
Scrolls
 h - 2 scrolls of teleportation
 l - 2 scrolls of remove curse {unknown}
 o - 2 scrolls of fog {unknown}
 p - a scroll of fear
 s - a scroll of magic mapping {unknown}
 v - a scroll of blinking {unknown}
Potions
 b - a potion of brilliance {unknown}
 e - 2 potions of might
 g - a potion of lignification {unknown}
 j - 2 potions of heal wounds {unknown}
 m - a potion of magic
 u - a potion of mutation {unknown}
 x - a potion of curing {unknown}
Comestibles
 f - 8 rations
 w - 2 chunks of flesh


   Skills:
 + Level 4.2 Fighting
 * Level 5.1 Long Blades
 - Level 1.7 Throwing
 + Level 3.4 Armour
 + Level 3.7 Dodging


You had 6 spell levels left.
You didn't know any spells.
Your spell library was empty.

Dungeon Overview and Level Annotations

Branches:
Dungeon (5/15)
 Temple: D:4-7

Altars:
Dithmenos
Okawaru
Ru
Vehumet
Yredelemnul

Shops:
D:4 *%


Innate Abilities, Weirdness & Mutations

You are resistant to torment.
Your stone body is resilient. (AC +4)
You are immune to poison.
You resist negative energy. (rN+)
You are resistant to electric shocks. (rElec)
You can survive without breathing.
You are immune to petrification.
You are immune to rotting.


Message History

You slash the orc!
You kill the orc!
The orc hits you but does no damage.
You hit the orc.
The orc is heavily wounded.
The orc priest calls down the wrath of Beogh upon you.
Beogh smites you! The orc hits you but does no damage.
You hit the orc.
The orc is almost dead.
The orc priest invokes the aid of Beogh against you.
Beogh smites you!
* * * LOW HITPOINT WARNING * * *
The orc hits you but does no damage. The orc wizard casts a spell at you.
The magic dart hits you.
* * * LOW HITPOINT WARNING * * *
The orc barely misses you.
The orc wizard points at you and mumbles some strange words.
The magic dart hits you.
You die...

#. ##.. ##...
###.... ##
..... .##(#
....##.#.##
#...o...##
##.oo@...#
#..oo....#
.o..(...#.....#
......###.....#
.....# #.....#
>.... #......#
!... #......#
... ###.#...!
... .#..#.


You could see an orc priest, an orc wizard and 3 orcs.

Vanquished Creatures
  An ogre (D:4)
  A scorpion (D:4)
  An orc wizard (D:5)
  2 orc priests (D:4)
  2 hounds (D:4)
  Natasha (thrice) (D:4)
  2 iguanas (D:4)
  2 worker ants (D:4)
  A howler monkey skeleton (D:4)
  4 adders
  An adder skeleton (D:2)
  A worm (D:2)
  2 dart slugs
  3 leopard geckos
  3 orcs
  6 giant cockroaches
  10 goblins
  3 hobgoblins
  4 jackals
  2 quokkas
  2 ball pythons
  10 bats
  7 frilled lizards
  A jackal skeleton (D:4)
  4 kobolds
  14 rats
92 creatures vanquished.

Notes
Turn   | Place    | Note
-------+----------+-------------------------------------------
     0 | D:1      | Borgoz the Gargoyle Gladiator began the quest for the Orb.
     0 | D:1      | Reached XP level 1. HP: 12/12 MP: 1/1
    92 | D:1      | Reached XP level 2. HP: 18/18 MP: 2/2
   115 | D:1      | Reached skill level 3 in Long Blades
   291 | D:1      | Reached skill level 1 in Armour
   326 | D:1      | Reached XP level 3. HP: 22/22 MP: 3/3
   828 | D:2      | Reached XP level 4. HP: 17/27 MP: 4/4
  1329 | D:2      | You fall into a shaft and drop 2 floors!
  1330 | D:4      | Found a sacrificial altar of Ru.
  1357 | D:4      | Reached XP level 5. HP: 29/32 MP: 5/5
  1372 | D:4      | Reached skill level 4 in Long Blades
  1470 | D:4      | Noticed Natasha
  1486 | D:4      | Killed Natasha
  1656 | D:3      | Found a shadowy altar of Dithmenos.
  1757 | D:3      | Found a radiant altar of Vehumet.
  1757 | D:3      | Found an iron altar of Okawaru.
  1757 | D:3      | Found a basalt altar of Yredelemnul.
  2220 | D:4      | Noticed an ogre
  2227 | D:4      | Reached XP level 6. HP: 20/37 MP: 6/6
  2396 | D:4      | Found Ubyca Rypt's Food Shop.
  2431 | D:4      | Reached XP level 7. HP: 39/43 MP: 7/7
  2521 | D:4      | Found Ostrup's Lightly-Used Armoury.
  2591 | D:4      | Reached skill level 5 in Long Blades
  2657 | D:4      | Noticed Natasha
  2666 | D:4      | Killed Natasha
  2709 | D:4      | Noticed Natasha
  2724 | D:4      | Killed Natasha
  2797 | D:5      | Entered Level 5 of the Dungeon
  2816 | D:5      | Killed from afar by an orc wizard

Levels and vault maps discovered:
D:1:      onia_arrival_larder, layout_basic
D:2:      minmay_wonky_spiral, layout_basic
D:3:      layout_rooms, chequers_temple_overflow_statue_of_worship,
          first_ration, grunt_dithmenos_smoke_and_mirrors
D:4:      layout_basic, nicolae_ru_awakened_eye, serial_shops, shop,
          minmay_shop_damaged, minmay_misc_feat_square, grunt_decor_arrowhead,
          hangedman_glass_teeth, uniq_natasha
D:5:      layout_cave_pools, ebering_ghost_disaster_area

Skill      XL: |  1  2  3  4  5  6  7 |
---------------+----------------------+-----
Long Blades    | 3 4 5 |  5.1
Armour         | 1 2 3 |  3.4
Fighting       | 3 4 |  4.2
Dodging        | 3 |  3.7
Throwing       | |  1.7

Action                   |  1- 3 |  4- 6 |  7- 9 || total
-------------------------+-------+-------+-------++-------
Melee: Long sword        |   108 |   146 |    55 ||   309
  Use: Scroll            |       |     5 |       ||     5
       Potion            |       |     1 |       ||     1
 Stab: Sleeping          |     1 |       |       ||     1
  Eat: Chunk             |       |     5 |     2 ||     7
Armor: Leather armour    |    22 |       |       ||    22
       Ring mail         |    38 |    69 |    28 ||   135
Dodge: Dodged            |    97 |   101 |    38 ||   236
       Rpst.: Long sword |    36 |    43 |    15 ||    94

Table legend:
 A = Non-vault XP
 B = Vault XP
 C = Vault XP percentage of total XP
 D = Non-vault monster count
 E = Vault monster count
 F = Vault count percentage of total count
                 A         B        C        D         E       F
            +---------+---------+-------+---------+---------+-------
      Total |     778 |      50 |   6.0 |      80 |      12 |  13.0
            +---------+---------+-------+---------+---------+-------
        D:1 |      40 |       8 |  16.7 |      26 |       6 |  18.8
        D:2 |      61 |       7 |  10.3 |      18 |       5 |  21.7
        D:3 |      31 |       0 |   0.0 |      11 |       0 |   0.0
        D:4 |     601 |      35 |   5.5 |      23 |       1 |   4.2
        D:5 |      45 |       0 |   0.0 |       2 |       0 |   0.0
            +---------+---------+-------+---------+---------+-------
